 Dungeon Crawl Stone Soup version 0.29.1-14-g9c671dbff4 (webtiles) character file.

Game seed: 6907184885931926865

464 KittyFluff the Cudgeller (level 7, 0/44 HPs)
             Began as a Gargoyle Berserker on Feb 20, 2023.
             Was a Believer of Trog.
             Slain by a centaur (4 damage)
             ... on level 6 of the Dungeon.
             The game lasted 00:10:01 (3906 turns).

KittyFluff the Cudgeller (Gargoyle Berserker)       Turns: 3906, Time: 00:10:02

Health: 0/44       AC:  9    Str: 20    XL:     7   Next: 8%
Magic:  7/7        EV: 12    Int:  8    God:    Trog [**....]
Gold:   121        SH:  0    Dex: 11    Spells: 6/6 levels left

rFire   . . .      SeeInvis .   a - +0 mace
rCold   . . .      Faith    .   (no shield)
rNeg    + . .      Spirit   .   i - +0 leather armour
rPois   ∞          Reflect  .   (no helmet)
rElec   +          Harm     .   (no cloak)
rCorr   .          Rampage  .   (no gloves)
Will    .....                   u - +0 pair of boots
Stlth   +.........              (no amulet)
HPRegen 0.14/turn               (no ring)
MPRegen 0.10/turn               (no ring)

@: on berserk cooldown, slowed, unable to drink, very slow
A: sickness immunity, AC +4, negative energy resistance 1, electricity
resistance, torment resistance 1, petrification resistance, inability to drink
after injury 1
a: Renounce Religion, Berserk, Trog's Hand


You were on level 6 of the Dungeon.
You worshipped Trog.
Trog was pleased with you.
You visited 1 branch of the dungeon, and saw 5 of its levels.

You collected 121 gold pieces.

Inventory:

Hand Weapons
 a - a +0 mace (weapon)
 e - a +0 sling
 s - a +0 flail
Missiles
 f - 34 stones (quivered)
 k - 5 poisoned darts
Armour
 i - a +0 leather armour (worn)
 n - a +0 ring mail
 u - a +0 pair of boots (worn)
Jewellery
 r - a ring of fire
Wands
 p - a wand of charming (8)
Scrolls
 d - a scroll of poison {unknown}
 g - a scroll of brand weapon {unknown}
 j - a scroll of vulnerability {unknown}
 q - a scroll of teleportation {unknown}
Potions
 b - 2 potions of curing
 c - 2 potions of might
 h - a potion of mutation
 l - 2 potions of brilliance {unknown}
 m - 3 potions of degeneration {unknown}
 o - a potion of heal wounds {unknown}
 t - a potion of haste {unknown}


   Skills:
 + Level 4.4 Fighting
 + Level 5.5 Maces & Flails
 + Level 0.1 Throwing
 * Level 4.6 Armour
 + Level 2.4 Dodging
 + Level 0.8 Stealth


You had 6 spell levels left.
You didn't know any spells.
Your spell library was empty.

Dungeon Overview and Level Annotations

Branches:
Dungeon (4/15)
 Temple: D:4-7

Altars:
Xom


Innate Abilities, Weirdness & Mutations

You are immune to sickness and miasma.
Your stone body is resilient. (AC +4)
You are immune to poison.
You resist negative energy. (rN+)
You are resistant to electric shocks. (rElec)
You are resistant to unholy torment.
You are immune to petrification.
You occasionally lose the ability to drink potions when taking damage.


Message History

You sock the iguana!
You kill the iguana!
Trog accepts your kill.
p - a wand of charming (8)
You start resting.
You feel a strong urge to attack something.
You are no longer berserk.
You are exhausted.
You feel yourself slow down.
You start resting.
You feel a genetic drift.
You occasionally lose the ability to drink potions when taking damage.
You no longer feel a malignance within.
You hear the slow hiss of an avalanche of sand nearby.
You see here a bullfrog corpse.
A centaur comes into view.
The centaur shouts!
The centaur wields a +0 shortbow.
The centaur shoots an arrow.
The arrow hits you.
A phantom comes into view.
You see here a bullfrog corpse.
You start resting.
The centaur shoots an arrow.
The arrow hits you!
You feel threatened and lose the ability to drink potions!
* * * LOW HITPOINT WARNING * * *
Found 19 gold pieces.
Found a stone staircase leading down.
The centaur unwields a +0 shortbow.
The centaur closely misses you. The centaur kicks you.
* * * LOW HITPOINT WARNING * * *
The centaur hits you but does no damage.
The centaur misses you.
You barely miss the centaur. The centaur completely misses you.
The centaur kicks you but does no damage.
The centaur hits you but does no damage.
The centaur closely misses you. The phantom barely misses you.
You hit the centaur.
The centaur is lightly wounded.
The centaur hits you but does no damage.
The centaur kicks you but does no damage.
The centaur hits you.
You die...

#.#)....# #.......#
#....#.....#
#.##.#.....# #
#.+.....#
#.#.##.#.....#
#......#####.#
#.†...#.###
#@###.....#
#>.....cW.##....###
#####.#...$#.#....#
#.#....#....#.# #
##...####...# ###.
#..# .. ..# .. ..#


You could see a phantom and a centaur.

Vanquished Creatures
  2 ice beasts
  A bullfrog (D:6)
  A hound (D:6)
  Jessica (D:2)
  An orc wizard (D:3)
  An iguana (D:6)
  3 adders (D:2)
  3 worms
  3 dart slugs
  3 orcs
  9 endoplasms
  2 giant cockroaches
  6 goblins
  4 hobgoblins
  4 jackals (D:3)
  7 kobolds
  3 quokkas
  8 ball pythons
  6 bats
  2 frilled lizards
  5 rats
75 creatures vanquished.

Notes
Turn   | Place    | Note
-------+----------+-------------------------------------------
     0 | D:1      | KittyFluff the Gargoyle Berserker began the quest for the
                  | Orb.
     0 | D:1      | Reached XP level 1. HP: 14/14 MP: 1/1
   524 | D:1      | Reached XP level 2. HP: 19/19 MP: 2/2
   864 | D:1      | Found a faded altar of an unknown god.
  1547 | D:1      | Reached XP level 3. HP: 23/23 MP: 3/3
  1885 | D:2      | Reached ** piety under Trog
  1924 | D:2      | Reached XP level 4. HP: 25/29 MP: 4/4
  1953 | D:2      | Noticed Jessica
  1962 | D:2      | Killed Jessica
  1963 | D:2      | Reached skill level 4 in Maces & Flails
  2600 | D:3      | Reached XP level 5. HP: 29/33 MP: 5/5
  2707 | D:3      | Found a shimmering altar of Xom.
  3286 | D:4      | Gained mutation: You passively dampen the noise of your
                  | surroundings. [potion of mutation]
  3286 | D:4      | Lost mutation: You passively dampen the noise of your
                  | surroundings. [potion of mutation]
  3286 | D:4      | Gained mutation: You have hidden genetic defects. [potion
                  | of mutation]
  3286 | D:4      | Gained mutation: You are agile. (Dex +4, Str/Int -1)
                  | [potion of mutation]
  3479 | D:4      | Noticed an ice beast
  3541 | D:4      | Killed an ice beast
  3542 | D:4      | Reached XP level 6. HP: 10/38 MP: 6/6
  3553 | D:4      | Lost mutation: You are agile. (Dex +4, Str/Int -1) [hidden
                  | defects]
  3799 | D:4      | You fall into a shaft and drop 2 floors!
  3870 | D:6      | Noticed an ice beast
  3876 | D:6      | Reached skill level 5 in Maces & Flails
  3882 | D:6      | Killed an ice beast
  3893 | D:6      | Reached XP level 7. HP: 27/44 MP: 7/7
  3899 | D:6      | Gained mutation: You occasionally lose the ability to drink
                  | potions when taking damage. [hidden defects]
  3899 | D:6      | Lost mutation: You have hidden genetic defects. [hidden
                  | defects expressed]
  3906 | D:6      | Slain by a centaur

Illustrated notes

Levels and vault maps discovered:
D:1:      psy_arrival_spokes, layout_basic,
          dreamdust_ecumenical_altar_hidden_monk_grotto, columned_hall_lemuel
D:2:      layout_basic, uniq_jessica
D:3:      layout_basic, general_overflow_altar
D:4:      layout_basic, nicolae_qazlal_scattered_showers
D:6:      layout_basic, minmay_temple_entry_sparse_star, enter_ossuary_1,
          minmay_bent

Skill      XL: |  1  2  3  4  5  6 |
---------------+-------------------+-----
Dodging        | 2 |  2.4
Maces & Flails | 4 5 |  5.5
Armour         | 3 4 |  4.6
Fighting       | 4 |  4.4
Throwing       | |  0.1
Stealth        | |  0.8

Action                   |  1- 3 |  4- 6 |  7- 9 || total
-------------------------+-------+-------+-------++-------
Melee: Mace              |    89 |   148 |     3 ||   240
       Punch             |       |     3 |       ||     3
Throw: Stone             |       |     4 |       ||     4
Invok: Berserk           |       |     1 |       ||     1
  Use: Scroll            |       |     3 |       ||     3
       Potion            |       |     1 |       ||     1
Armor: Animal skin       |     9 |       |       ||     9
       Leather armour    |    32 |    56 |     5 ||    93
Dodge: Dodged            |    63 |    82 |     5 ||   150
